 Dungeon Crawl Stone Soup version 0.17.1-3-g152610e (webtiles) character file.

7553 nikopol the Fighter (level 10, 0/141 HPs)
             Began as a Minotaur Berserker on Apr 20, 2016.
             Was a High Priest of Trog.
             Slain by a queen bee (10 damage)
             ... on level 9 of the Dungeon.
             The game lasted 00:23:17 (8219 turns).

nikopol the Fighter (Minotaur Berserker)            Turns: 8219, Time: 00:23:17

Health: 0/141      AC: 11    Str: 30    XL:     10   Next: 96%
Magic:  9/9        EV: 16    Int:  4    God:    Trog [*****.]
Gold:   100        SH:  0    Dex: 13    Spells: 0 memorised, 9 levels left

rFire  + . .     SeeInvis .     o - +0 trident
rCold  . . .     Clarity  .     C - +0 ring mail {rF+}
rNeg   . . .     SustAt   .     (no shield)
rPois  +         Gourm    .     B - +1 hat
rElec  .         Spirit   .     p - -1 cloak (curse)
rCorr  .         Warding  .     d - +0 pair of gloves
rMut   .         Stasis   .     t - +0 pair of boots
MR     .....                    (no amulet)
Stlth  ..........               r - ring of poison resistance
                                h - +3 ring of strength

@: berserking, lethally poisoned (0 -> -3), very quick, not resistant to hostile
enchantments, extremely unstealthy
A: retaliatory headbutt, horns 2
a: Berserk, Trog's Hand, Brothers in Arms, Burn Spellbooks, Renounce Religion


You were on level 9 of the Dungeon.
You worshipped Trog.
Trog was extremely pleased with you.
You were hungry.

You visited 1 branch of the dungeon, and saw 9 of its levels.

You collected 548 gold pieces.
You spent 448 gold pieces at shops.

Inventory:

Hand Weapons
 o - a +0 trident (weapon)
Armour
 d - a +0 pair of gloves (worn)
 l - a +0 cloak
 p - a cursed -1 cloak (worn)
 t - a +0 pair of boots (worn)
 B - a +1 hat (worn)
 C - a +0 ring mail of fire resistance (worn)
 P - the +2 scale mail "Cotzo" {+Blink}
   (You bought it in a shop on level 8 of the Dungeon)

   It lets you blink.
Jewellery
 h - a +3 ring of strength (left hand)
 r - a ring of poison resistance (right hand)
 K - a +4 ring of intelligence
Wands
 b - a wand of polymorph (13)
 E - a wand of polymorph (7)
Scrolls
 g - 8 scrolls of remove curse {unknown}
 m - 3 scrolls of teleportation {unknown}
 n - 5 scrolls of magic mapping {unknown}
 s - 2 scrolls of noise {unknown}
 v - 3 scrolls of random uselessness {unknown}
 x - 6 scrolls of amnesia {unknown}
 y - 8 scrolls of identify {unknown}
 z - 2 scrolls of recharging {unknown}
 A - 2 scrolls of enchant armour {unknown}
 L - a scroll of torment {unknown}
 M - 2 scrolls of fog {unknown}
Potions
 a - 2 potions of poison {unknown}
 e - 2 potions of invisibility {unknown}
 f - a potion of might
 i - a potion of resistance {unknown}
 k - a potion of haste {unknown}
 q - 2 potions of agility {unknown}
 u - 4 potions of curing {unknown}
 F - a potion of lignification {unknown}
 G - a potion of heal wounds {unknown}
 H - a potion of degeneration {unknown}
 I - a potion of mutation {unknown}
 J - a potion of flight {unknown}
 N - 2 potions of magic {unknown}
Comestibles
 c - 5 bread rations
 w - 3 meat rations
 D - 3 beef jerkies
 O - 3 slices of pizza


   Skills:
 + Level 10.9 Fighting
 + Level 10.4 Polearms
 + Level 10.5 Armour
 + Level 9.4 Dodging


You had 9 spell levels left.
You didn't know any spells.

Dungeon Overview and Level Annotations

Branches:
Dungeon (9/15)             Temple (0/1) D:5
   Lair: D:8-11         Orc: D:9-12

Altars:
Ashenzari
Gozag
Okawaru
Vehumet
Yredelemnul
Zin

Shops:
D:4 *   D:8 [**[

Annotations:
D:7 2 runed doors


Innate Abilities, Weirdness & Mutations

You reflexively headbutt those who attack you in melee.
You have a pair of horns on your head.


Message History

You puncture the killer bee!
The killer bee is almost dead.
The killer bee stings you.
* * * LOW HITPOINT WARNING * * *
The killer bee closely misses you.
You closely miss the killer bee. You headbutt the killer bee.
You kill the killer bee!
Trog accepts your kill.
You feel sick.
Attack whom?
Press: ? - help, Dir - move target cursor, f - queen bee
Aim: a queen bee You reach to attack!
You hit the queen bee.
The queen bee is lightly wounded.
You puncture the queen bee!
The queen bee is moderately wounded.
You hit the queen bee. You headbutt the queen bee.
The queen bee is heavily wounded.
You feel sick. The queen bee stings you!
You die...

#......... #.<
#.%...... +.รท ...%...
#.. %%..% #.. ... #..
##'# ### #..# #y##
#####@##########
#..............# ###
#..............# #..
#..............### #..
#..............'.###..
#..............#...#..
#.....<......).###....
#..............# ###..
#..............# #..


You could see a queen bee.

Vanquished Creatures
  Pikel (D:8)
  Joseph (D:8)
  A troll (D:9)
  Sigmund (D:6)
  9 yaks
  A basilisk (D:7)
  A hungry ghost (D:7)
  A hippogriff (D:7)
  3 ice beasts (D:5)
  2 orc warriors
  2 black bears
  A necrophage (D:7)
  2 ogres
  An eye of draining (D:7)
  6 phantoms
  4 centaurs
  A crocodile (D:9)
  3 giant frogs
  3 scorpions
  27 killer bees
  9 wights
  A jelly (D:9)
  A quasit (D:7)
  4 crimson imps
  A giant frog zombie (D:9)
  7 orc wizards
  A centaur skeleton (D:7)
  5 orc priests
  A hound (D:5)
  3 iguanas
  4 worker ants
  A hound skeleton (D:5)
  6 adders
  2 shadow imps
  An ooze (D:6)
  A worm (D:2)
  An adder skeleton (D:5)
  4 giant geckos
  26 orcs
  A ball python (D:5)
  3 giant cockroaches
  5 goblins
  10 hobgoblins
  11 jackals
  7 kobolds
  A quokka (D:7)
  7 bats
  2 giant gecko skeletons
  3 giant newts
  A jackal skeleton (D:4)
  5 rats
206 creatures vanquished.

Vanquished Creatures (others)
  A giant cockroach (D:8)
1 creature vanquished.

Grand Total: 207 creatures vanquished

Notes
Turn   | Place    | Note
--------------------------------------------------------------
     0 | D:1      | nikopol the Minotaur Berserker began the quest for the Orb.
     0 | D:1      | Reached XP level 1. HP: 19/19 MP: 0/0
   193 | D:1      | Reached XP level 2. HP: 22/27 MP: 1/1
   269 | D:1      | Reached skill level 4 in Fighting
   422 | D:1      | Reached ** piety under Trog
   904 | D:1      | Reached XP level 3. HP: 33/33 MP: 2/2
  2089 | D:3      | Reached XP level 4. HP: 41/41 MP: 3/3
  2290 | D:4      | Found Gozag's Platinum Reserve.
  2303 | D:4      | Reached *** piety under Trog
  2389 | D:4      | Reached XP level 5. HP: 21/47 MP: 4/4
  2586 | D:4      | Reached skill level 5 in Fighting
  2587 | D:4      | Found an opulent altar of Gozag.
  2606 | D:4      | Noticed a yak
  2607 | D:4      | Noticed a yak
  2608 | D:4      | Noticed a yak
  2616 | D:4      | Killed a yak
  2616 | D:4      | Reached skill level 5 in Polearms
  2616 | D:4      | Reached XP level 6. HP: 32/56 MP: 5/5
  2841 | D:3      | Killed a yak
  2841 | D:3      | Reached skill level 5 in Armour
  2843 | D:3      | Killed a yak
  2843 | D:3      | Reached XP level 7. HP: 62/62 MP: 6/6
  2935 | D:4      | Reached skill level 6 in Fighting
  2968 | D:4      | Reached skill level 5 in Dodging
  3163 | D:4      | Found a shattered altar of Ashenzari.
  3384 | D:5      | Entered Level 5 of the Dungeon
  3543 | D:5      | Reached XP level 8. HP: 49/71 MP: 7/7
  3561 | D:5      | Found a radiant altar of Vehumet.
  3562 | D:5      | Found a staircase to the Ecumenical Temple.
  3585 | D:5      | Found an iron altar of Okawaru.
  3655 | D:5      | Reached skill level 7 in Fighting
  4120 | D:5      | Found a glowing silver altar of Zin.
  4453 | D:6      | Reached **** piety under Trog
  4617 | D:6      | Noticed Sigmund
  4623 | D:6      | Killed Sigmund
  4623 | D:6      | Reached XP level 9. HP: 81/81 MP: 8/8
  4667 | D:6      | Reached skill level 8 in Fighting
  5310 | D:7      | Found a large runed door.
  5310 | D:7      | Found a large runed door.
  5322 | D:7      | Found a large runed door.
  5322 | D:7      | Found a large runed door.
  5721 | D:7      | Reached skill level 9 in Fighting
  6485 | D:7      | Found a basalt altar of Yredelemnul.
  6621 | D:8      | Reached XP level 10. HP: 91/91 MP: 9/9
  6769 | D:8      | Found Jimmecw's Armour Shoppe.
  6779 | D:8      | Bought the +2 scale mail "Cotzo" {+Blink} for 448 gold pieces
  6914 | D:8      | Noticed Joseph
  6928 | D:8      | Killed Joseph
  6955 | D:8      | Found Xihol's Assorted Antiques.
  7088 | D:8      | Noticed Pikel
  7101 | D:8      | Killed Pikel
  7101 | D:8      | Reached skill level 10 in Fighting
  7111 | D:8      | Found Xipof's Assorted Antiques.
  7172 | D:8      | Found Hereont's Antique Armour Emporium.
  7816 | D:9      | Reached skill level 10 in Armour
  7906 | D:9      | Reached skill level 10 in Polearms
  7917 | D:9      | Reached ***** piety under Trog
  8219 | D:9      | Slain by a queen bee

Action                   |  1- 3 |  4- 6 |  7- 9 | 10-12 || total
-------------------------+-------+-------+-------+-------++-------
Melee: Spear             |    77 |       |       |       ||    77
       Trident           |    48 |    52 |   346 |   221 ||   667
Invok: Berserk           |       |     2 |     6 |     3 ||    11
 Stab: Distracted        |     1 |       |       |       ||     1
  Eat: Chunk             |     2 |     2 |    13 |     3 ||    20
       Pizza             |     1 |       |     1 |       ||     2
       Fruit             |       |     1 |     1 |       ||     2
       Bread ration      |       |       |     1 |     1 ||     2
       Beef jerky        |       |       |     1 |       ||     1
